Map: Ascension to Aiur LE

Players

Guru

  • Race: Zerg Zerg
  • Spawn Location: 11:00

DokwoN - Winner!

  • Race: Terran Terran
  • League: Grandmaster
  • Spawn Location: 5:00

VOD

Have the link to the VOD?

Description

Time

  • Played on: Jan. 15, 2018, 12:51 p.m.
  • Length: 11:50
Show
View Real Time Build Order
Export as new Build Order

Guru Zerg 

Build Orders: Hatch First 

Get SALT Encoding   

  12  0:01  Drone  
  13  0:12  Overlord  
  13  0:17  Drone  
  14  0:31  Drone x2  
  14  0:35  Drone  
  17  0:51  Hatchery  
  17  0:55  Drone  
  17  1:00  Drone  
  18  1:09  Extractor  
  17  1:14  Spawning Pool  
  16  1:19  Drone  
  16  1:22  Drone  
  18  1:30  Drone  
  19  1:56  Overlord  
  19  2:01  Queen  
  19  2:02  Zergling x2  
  19  2:03  Queen  
  19  2:08  Zergling x2  
  25  2:11  Metabolic Boost  
  25  2:13  Drone x2  
  27  2:16  Drone  
  28  2:33  Hatchery  
  28  2:37  Drone x2  
  28  2:40  Drone  
  30  2:44  Drone  
  30  2:45  Drone  
  32  2:51  Overlord  
  32  3:01  Queen  
  34  3:11  Drone x3  
  34  3:12  Drone x3  
  40  3:15  Drone  
  40  3:16  Drone  
  40  3:18  Drone  
  40  3:19  Drone  
  44  3:26  Overlord  
  44  3:33  Roach Warren  
  43  3:44  Overlord  
  43  3:45  Queen x2  
  47  3:50  Zergling x2  
  47  3:51  Queen  
  50  3:56  Drone x2  
  50  3:59  Drone x2  
  54  4:04  Drone x4  
  58  4:10  Overlord  
  58  4:14  Overlord  
  58  4:17  Overlord  
  58  4:19  Overlord  
  58  4:27  Overlord  
  58  4:31  Roach x4  
  64  4:32  Roach  
  64  4:36  Spore Crawler, Drone  
  68  4:40  Spore Crawler, Drone  
  68  4:41  Drone  
  68  4:42  Drone x2  
  71  4:45  Spore Crawler  
  71  4:49  Drone x2  
  72  4:54  Drone x3  
  72  4:58  Drone x2  
  77  5:01  Drone x2  
  77  5:02  Drone  
  77  5:04  Overlord  
  80  5:07  Drone x2  
  80  5:08  Drone x3  
  80  5:13  Evolution Chamber  
  83  5:14  Extractor  
  83  5:15  Extractor  
  83  5:16  Evolution Chamber  
  83  5:18  Lair  
  83  5:19  Drone x2  
  83  5:21  Drone x2  
  83  5:26  Drone x2  
  83  5:27  Drone  
  85  5:41  Drone x2  
  86  5:48  Drone  
  86  5:49  Drone  
  86  5:52  Drone x4  
  86  5:54  Drone x3  
  82  6:06  Drone x3  
  82  6:07  Drone x5  
  82  6:08  Drone  
  82  6:11  Zerg Ground Armor Level 1, Zerg Missile Weapons Level 1  
  88  6:17  Hatchery  
  87  6:19  Extractor  
  87  6:20  Extractor x2  
  87  6:21  Drone  
  87  6:24  Drone  
  86  6:31  Drone  
  87  6:34  Overlord  
  87  6:37  Drone x2  
  87  6:39  Drone  
  90  6:40  Overseer  
  90  6:41  Overseer, Pneumatized Carapace  
  90  6:46  Overlord  
  90  6:48  Roach x2  
  90  6:51  Roach x2  
  98  6:54  Overlord  
  98  7:05  Glial Reconstitution  
  98  7:06  Drone  
  99  7:09  Infestation Pit  
  99  7:11  Roach x6  
  99  7:12  Roach x2  
  114  7:16  Roach x3  
  114  7:17  Hatchery  
  114  7:20  Overlord x3  
  114  7:21  Overlord  
  119  7:42  Drone  
  120  7:52  Hatchery, Infestor x3  
  120  7:55  Overlord  
  120  7:57  Roach  
  120  7:58  Roach  
  129  7:59  Overlord  
  129  8:02  Roach x3  
  133  8:06  Overlord  
  133  8:09  Zerg Missile Weapons Level 2  
  133  8:11  Zerg Ground Armor Level 2  
  131  8:13  Drone  
  132  8:21  Overlord  
  132  8:30  Hive  
  132  8:32  Hatchery  
  127  8:58  Roach  
  127  8:59  Roach x24  
  127  9:02  Overlord x2  
  163  9:08  Overlord x2  
  163  9:09  Overlord  
  161  9:10  Overlord x2  
  161  9:11  Overlord  
  161  9:13  Overlord  
  113  9:41  Drone x2  
  113  9:42  Drone x4  
  113  9:45  Infestor  
  119  9:46  Infestor  
  119  9:47  Infestor  
  123  10:00  Queen  
  123  10:02  Ultralisk Cavern  
  124  10:07  Roach x2  
  124  10:08  Hatchery, Drone  
  124  10:09  Drone x3  
  131  10:14  Roach x3  
  131  10:15  Roach x5  
  131  10:16  Hatchery  
  146  10:22  Spore Crawler  
  146  10:25  Roach  
  146  10:26  Roach x2  
  146  10:27  Roach  
  153  10:33  Roach x2  
  98  10:56  Ultralisk x3  
  104  11:16  Drone x2  
  112  11:21  Drone x2  
Show
View Real Time Build Order
Export as new Build Order

DokwoN Terran - Winner!

Build Orders: Liberator Opening, Reaper Expand, Bio Tank 

Get SALT Encoding   

  12  0:00  SCV  
  13  0:12  SCV  
  14  0:17  Supply Depot  
  14  0:25  SCV  
  15  0:32  Refinery  
  15  0:39  SCV  
  16  0:44  Barracks  
  16  0:51  SCV  
  17  1:03  SCV  
  18  1:15  SCV  
  19  1:32  Orbital Command, Reaper  
  20  1:42  Command Center  
  20  1:54  Factory  
  20  1:57  SCV  
  21  2:04  Supply Depot  
  21  2:09  SCV  
  21  2:10  Barracks Reactor  
  21  2:13  Refinery  
  22  2:21  SCV  
  23  2:33  SCV  
  24  2:42  Starport  
  24  2:46  SCV  
  24  2:49  Hellion x2  
  29  2:53  Orbital Command  
  29  2:58  SCV, Barracks Tech Lab  
  30  3:10  SCV  
  30  3:11  Hellion x2  
  35  3:20  Viking  
  35  3:22  SCV  
  35  3:23  SCV  
  39  3:29  Supply Depot  
  39  3:32  Hellion  
  39  3:34  Liberator  
  41  3:35  Hellion  
  41  3:39  SCV x2  
  45  3:43  Stimpack  
  45  3:52  SCV x2  
  50  4:04  SCV  
  50  4:05  SCV  
  50  4:06  Supply Depot  
  52  4:16  SCV  
  54  4:17  SCV  
  54  4:20  Command Center  
  54  4:28  Marine  
  54  4:29  SCV x2  
  57  4:33  Barracks  
  57  4:35  Barracks  
  57  4:36  Factory Reactor, Starport Tech Lab  
  57  4:41  Supply Depot, SCV x2  
  59  4:45  Marine  
  60  4:53  SCV x2  
  60  4:55  Engineering Bay  
  60  4:57  Engineering Bay  
  62  5:05  SCV x2  
  67  5:07  Marine  
  67  5:11  Refinery x2  
  68  5:17  SCV x2  
  70  5:23  Terran Infantry Weapons Level 1, Terran Infantry Armor Level 1  
  70  5:27  Factory Tech Lab  
  67  5:29  SCV x2  
  67  5:30  Marine  
  67  5:31  Marine x2  
  72  5:36  Orbital Command, Starport Reactor  
  72  5:40  Marine x2  
  72  5:42  SCV x2  
  76  5:46  Barracks x2  
  76  5:47  Marine  
  76  5:49  Marine  
  75  5:54  SCV x2  
  75  5:56  Marine  
  76  5:58  Marine  
  76  6:04  Orbital Command, Marine  
  69  6:05  Marine  
  69  6:06  SCV, Marine  
  69  6:09  SCV  
  72  6:12  Supply Depot, Siege Tank  
  72  6:14  Supply Depot, Marine  
  72  6:15  Marine  
  72  6:18  SCV  
  78  6:21  SCV, Medivac x2  
  78  6:22  Marine  
  78  6:23  Marine  
  85  6:27  Combat Shields  
  85  6:33  Marine x2  
  85  6:34  SCV x3  
  85  6:38  Supply Depot  
  90  6:40  Supply Depot  
  90  6:41  Barracks Reactor x2  
  90  6:42  Marine  
  90  6:43  Marine x2  
  90  6:44  Siege Tank  
  90  6:46  SCV x2  
  98  6:47  SCV  
  98  6:51  Medivac  
  101  6:59  Supply Depot, Marine, Medivac, SCV x3  
  101  7:00  Supply Depot  
  107  7:04  Refinery x2  
  107  7:07  Factory  
  107  7:09  Marine  
  107  7:10  Marine x3  
  107  7:11  SCV x3  
  114  7:17  Armory, Marine  
  114  7:20  Marine x2  
  117  7:24  SCV x3  
  117  7:25  Marine x2  
  117  7:27  Marine  
  117  7:28  Marine  
  124  7:31  Marine x2  
  124  7:32  Siege Tank, Medivac x2  
  133  7:39  Supply Depot  
  133  7:40  Supply Depot  
  133  7:42  Supply Depot  
  133  7:44  Supply Depot  
  133  7:52  Marine x5  
  133  7:53  Marine x3  
  133  7:54  Factory Tech Lab  
  141  8:00  Marine  
  141  8:04  Siege Tank, Medivac x2  
  149  8:08  Supply Depot x2  
  149  8:10  Marine x6  
  155  8:14  Terran Infantry Armor Level 2, Terran Infantry Weapons Level 2  
  155  8:15  Terran Vehicle Weapons Level 1  
  155  8:16  Marine x2  
  155  8:19  Marine  
  156  8:27  Marine  
  156  8:28  Marine x3  
  156  8:29  Marine x2  
  156  8:34  Marine x2  
  163  8:35  Siege Tank, Medivac  
  163  8:37  Marine  
  163  8:38  Supply Depot  
  170  8:45  Marine  
  170  8:46  Marine x3  
  172  8:48  Marine x2  
  172  8:51  Unknown  
  172  8:56  Marine x2  
  172  9:00  Marine  
  170  9:03  Siege Tank, Medivac, Marine  
  170  9:04  Marine x2  
  170  9:05  Medivac  
  170  9:07  Siege Tank  
  183  9:11  Marine x3  
  183  9:14  Marine x2  
  181  9:18  Marine  
  181  9:21  Marine  
  181  9:22  Marine x2  
  179  9:29  Marine x3  
  157  9:32  Marine x2  
  157  9:35  Siege Tank  
  157  9:36  Marine  
  153  9:39  Marine x3, Siege Tank  
  153  9:43  Medivac x2  
  162  9:46  Marine x2  
  162  9:47  Supply Depot, Marine  
  162  9:50  Marine x2  
  165  9:54  Command Center, Marine  
  165  9:58  Marine x3  
  169  10:04  Marine  
  169  10:05  Marine x2  
  175  10:07  Siege Tank, Marine  
  175  10:11  Siege Tank  
  175  10:12  Barracks  
  179  10:16  Barracks x2  
  179  10:29  Marauder  
  179  10:31  Marine x3  
  179  10:32  Marine x4  
  179  10:33  Marine  
  184  10:48  Medivac x2  
  184  10:49  Marine x4, Siege Tank  
  176  10:50  Marauder, Marine, Siege Tank  
  176  10:52  Marine x3  
  171  11:07  Marine x3  
  174  11:11  Marauder  
  174  11:12  Barracks Tech Lab  
  174  11:13  Barracks Tech Lab x2  
  176  11:21  Marine x2  
  176  11:22  Marine x2  
  188  11:32  Marine  
Tags
 
Add a new tag
Caveats
  • Supply blocks, unpowered buildings, or Contaminate may cause inaccurate times.
  • Supply counts are checked every 10 seconds.